 Dungeon Crawl Stone Soup version 0.28.0-43-g3370ac3207 (webtiles) character file.

Game seed: 14902109016601285654

5874 DearestLeader the Blocker (level 10, 0/82 HPs)
             Began as a Gnoll Fighter on Mar 28, 2022.
             Was a Plaything of Xom.
             Killed by the air
             ... invoked by Gastronok
              (25 damage)
             ... on level 9 of the Dungeon.
             The game lasted 00:19:14 (10384 turns).

DearestLeader the Blocker (Gnoll Fighter)          Turns: 10384, Time: 00:19:15

Health: 0/82       AC: 17    Str: 19    XL:     10   Next: 81%
Magic:  18/18      EV: 15    Int:  8    God:    Xom [..*...]
Gold:   1230       SH:  6    Dex: 12    Spells: 20/20 levels left

rFire   . . .      SeeInvis +   D - +6 war axe "Impslayer" {holy, *Rage rElec rPois Stlth+}
rCold   + . .      Faith    .   c - +0 buckler
rNeg    + . .      Spirit   .   G - +7 Kryia's mail coat {PotionHeal*2 rC+}
rPois   +          Reflect  .   h - +1 helmet
rElec   +          Harm     .   (no cloak)
rCorr   .          Rampage  .   L - +0 pair of gloves
Will    .....      Rage     20% E - +0 pair of boots
Stlth   +++.......              (no amulet)
HPRegen 0.23/turn               C - +4 ring of evasion
MPRegen 0.16/turn               B - ring of positive energy

@: on berserk cooldown, slowed, very slow
A: fangs 1, strong nose, distributed training, hooves 1, see invisible, deformed
body
a: Renounce Religion


You were on level 9 of the Dungeon.
You worshipped Xom.
You were a toy of Xom.
You visited 2 branches of the dungeon, and saw 10 of its levels.
You also visited: Sewer and Bailey.

You collected 1230 gold pieces.

Inventory:

Hand Weapons
 d - a +3 executioner's axe of freezing
 D - the +6 war axe "Impslayer" (weapon) {holy, *Rage rElec rPois Stlth+}
   (You found it on level 6 of the Dungeon)

   It has been blessed by the Shining One to cause great damage to the undead
   and demons.
   rElec:     It insulates you from electricity.
   rPois:     It protects you from poison.
   *Rage:     It berserks you when you make melee attacks (+20% chance).
   Stlth:     It makes you more stealthy.
 J - a +3 flail of holy wrath
Missiles
 k - 2 throwing nets (quivered)
 q - a curare-tipped dart
 x - 22 poisoned darts
Armour
 b - +0 acid dragon scales
 c - a +0 buckler (worn)
 h - a +1 helmet (worn)
 y - a +2 leather armour of positive energy
 z - a +4 ring mail
 E - a +0 pair of boots (worn)
 G - the +7 Kryia's mail coat (worn) {PotionHeal*2 rC+}
   (You found it on level 7 of the Dungeon)

   Potions are twice as effective at healing its wearer.
   rC:        It protects you from cold.
 L - a +0 pair of gloves (worn)
Jewellery
 B - a ring of positive energy (right hand)
 C - a +4 ring of evasion (left hand)
Wands
 a - a wand of digging (13)
 m - a wand of mindburst (8)
 n - a wand of iceblast (8)
Scrolls
 e - 7 scrolls of teleportation
 f - 2 scrolls of torment
 g - 3 scrolls of enchant armour
 u - 2 scrolls of vulnerability
 v - a scroll of fear
 w - 2 scrolls of amnesia
 A - a scroll of silence
 F - a scroll of blinking
 I - a scroll of fog {unknown}
 M - a scroll of immolation {unknown}
Potions
 i - a potion of attraction {unknown}
 j - 2 potions of curing
 l - a potion of berserk rage
 o - a potion of invisibility
 p - 2 potions of heal wounds
 r - 2 potions of haste
 s - 3 potions of mutation {unknown}
 t - a potion of cancellation {unknown}
 H - 2 potions of lignification {unknown}
 K - a potion of resistance {unknown}


   Skills:
 + Level 8.7 Fighting
 + Level 5.6 Short Blades
 + Level 5.6 Long Blades
 + Level 7.3 Axes
 + Level 5.6 Maces & Flails
 + Level 5.6 Polearms
 + Level 5.6 Staves
 + Level 5.6 Slings
 + Level 5.6 Bows
 + Level 5.6 Crossbows
 + Level 5.6 Throwing
 + Level 8.7 Armour
 + Level 5.6 Dodging
 + Level 5.6 Stealth
 + Level 8.7 Shields
 + Level 5.6 Unarmed Combat
 + Level 5.6 Spellcasting
 + Level 4.6 Conjurations
 + Level 4.6 Hexes
 + Level 4.6 Summonings
 + Level 4.6 Necromancy
 + Level 4.6 Translocations
 + Level 4.6 Transmutations
 + Level 4.6 Fire Magic
 + Level 4.6 Ice Magic
 + Level 4.6 Air Magic
 + Level 4.6 Earth Magic
 + Level 4.6 Poison Magic
 + Level 6.2 Invocations
 + Level 5.6 Evocations


You had 20 spell levels left.
You didn't know any spells.
Your spell library contained the following spells:

 Spells                   Type           Power      Damage    Failure   Level
 Animate Skeleton         Necr           18%        N/A       12%         1
 Apportation              Tloc           18%        N/A       12%         1
 Summon Small Mammal      Summ           36%        N/A       12%         1
 Blink                    Tloc           18%        N/A       19%         2
 Lesser Beckoning         Tloc           9%         N/A       34%         3
 Alistair's Intoxication  Tmut/Pois      6%         N/A       97%         5
 Borgnjor's Vile Clutch   Necr/Erth      4%         N/A       97%         5
 Manifold Assault         Tloc           9%         N/A       97%         5
 Eringya's Noxious Bog    Tmut/Pois      4%         N/A       100%        6


Dungeon Overview and Level Annotations

Branches:
Dungeon (9/15)             Temple (1/1) D:6            Lair (0/6) D:8
  Sewer (visited)          Bailey (visited)
    Orc: D:9-12

Altars:
Ashenzari
Cheibriados
Dithmenos
Elyvilon
Fedhas
Gozag
Hepliaklqana
Kikubaaqudgha
Makhleb
Nemelex Xobeh
Okawaru
Qazlal
Ru
Sif Muna
Trog
Uskayaw
Vehumet
Wu Jian
Xom
Yredelemnul
Zin
The Shining One

Shops:
D:7 =   D:9 *:

Annotations:
D:3 Natasha
D:9 Gastronok


Innate Abilities, Weirdness & Mutations

You have very sharp teeth.
Your uncanny sense of smell can sniff out nearby items.
Your experience applies equally to all skills.
You have large cloven feet.
You have supernaturally acute eyesight. (SInv)
Armour fits poorly on your strangely shaped body.


Message History

Things that are here:
a +0 short sword; 2 stones A troll comes into view.
The troll shouts!
You slash the troll!
The troll is moderately wounded.
You block the troll's attack. The troll claws you. x2
A red film seems to cover your vision as you go berserk!
You feel yourself moving faster!
You feel mighty!
You slice the troll!!
The troll is almost dead.
You hear a horrible gurgling sound!
The troll bites you but does no damage. The troll claws you!
The troll barely misses you.
You slash the troll!
You kill the troll!
No target in view!
Calm down first, please.
You feel a strong urge to attack something.
You feel your anger nearly subside.
You are no longer berserk.
You are exhausted.
You feel yourself slow down.
Gastronok the Ponderous comes into view.
Gastronok chants a spell, wobbling all the while.
You slash Gastronok!
Gastronok is lightly wounded.
Gastronok bites you!!
You slice Gastronok!!
Gastronok is moderately wounded.
Gastronok barely misses you.
You barely miss Gastronok.
Gastronok is moderately wounded.
Gastronok bites you!!
Xom is highly amused!
You hit Gastronok. You bite Gastronok.
Gastronok is moderately wounded.
Gastronok waves his eye-stalks in wide circles.
The air twists around and strikes you!!
You die...
Xom howls with laughter!

#..# #.##.##.##......#. ###..##
#.##.##..........#
#.....####.##.##..########.
#.....#...........# #.
#.....#.########.## ###.
#.....#.##### #.# #...
#..........r####.# #.#.
###.###.###w..##.## #.## #.#
#.##@.......######.# #.#
#.##...............#
#########.###.##........########
.......>......###......##
#########.##### ##.##### #...
...# ##### #####


You could see Gastronok and a rat (summoned).

Vanquished Creatures
  Maggie (D:7)
  A troll (D:9)
  A hornet (D:9)
  3 yaks (D:9)
  A vampire (D:9)
  3 steam dragons
  Menkaure (D:4)
  2 water moccasins
  7 orc warriors
  An ogre (D:7)
  A phantom (D:6)
  4 centaurs
  3 kobold brigands
  2 bullfrogs
  A scorpion (D:7)
  A water moccasin zombie (D:5)
  A wyvern skeleton (D:6)
  A water moccasin skeleton (D:7)
  6 killer bees (D:7)
  3 howler monkeys (D:8)
  A bullfrog zombie (D:5)
  A centaur zombie (D:8)
  2 hounds
  3 jellies
  2 orc priests
  An iguana (D:5)
  2 gnoll shamans
  A centaur skeleton (D:6)
  Natasha (twice) (D:3)
  Ijyb (D:4)
  A killer bee zombie (D:7)
  A howler monkey zombie (D:9)
  Robin (D:4)
  14 gnolls
  14 adders
  A white imp (D:8)
  2 ufetubi
  4 worms
  4 dart slugs
  40 orcs
  8 ball pythons
  7 bats
  9 endoplasms
  4 giant cockroaches
  12 goblins
  10 hobgoblins
  9 jackals
  6 quokkas
  4 frilled lizards
  13 kobolds
  9 rats
233 creatures vanquished.

Vanquished Creatures (collateral kills)
  3 orc warriors (Bailey)
  7 centaurs (Bailey)
  5 orcs (Bailey)
15 creatures vanquished.

Vanquished Creatures (others)
  2 human simulacra (D:9)
  A kobold (D:4)
  4 plants (D:9)
7 creatures vanquished.

Grand Total: 255 creatures vanquished

Notes
Turn   | Place    | Note
-------+----------+-------------------------------------------
     0 | D:1      | DearestLeader the Gnoll Fighter began the quest for the
                  | Orb.
     0 | D:1      | Reached XP level 1. HP: 23/23 MP: 1/1
   115 | D:1      | Reached XP level 2. HP: 25/29 MP: 2/2
   577 | D:1      | Reached XP level 3. HP: 35/35 MP: 3/3
   910 | D:2      | Found a faded altar of an unknown god.
   982 | D:2      | Reached skill level 1 in Invocations
  1116 | D:2      | Reached skill level 1 in Short Blades
  1116 | D:2      | Reached skill level 1 in Long Blades
  1116 | D:2      | Reached skill level 1 in Maces & Flails
  1116 | D:2      | Reached skill level 1 in Polearms
  1116 | D:2      | Reached skill level 1 in Staves
  1116 | D:2      | Reached skill level 1 in Slings
  1116 | D:2      | Reached skill level 1 in Bows
  1116 | D:2      | Reached skill level 1 in Crossbows
  1116 | D:2      | Reached skill level 1 in Throwing
  1116 | D:2      | Reached skill level 1 in Dodging
  1116 | D:2      | Reached skill level 1 in Stealth
  1116 | D:2      | Reached skill level 1 in Unarmed Combat
  1116 | D:2      | Reached skill level 1 in Spellcasting
  1116 | D:2      | Reached skill level 1 in Evocations
  1176 | D:2      | Reached XP level 4. HP: 41/41 MP: 5/5
  1190 | D:2      | Reached skill level 1 in Conjurations
  1190 | D:2      | Reached skill level 1 in Hexes
  1190 | D:2      | Reached skill level 1 in Summonings
  1190 | D:2      | Reached skill level 1 in Necromancy
  1190 | D:2      | Reached skill level 1 in Translocations
  1190 | D:2      | Reached skill level 1 in Transmutations
  1190 | D:2      | Reached skill level 1 in Fire Magic
  1190 | D:2      | Reached skill level 1 in Ice Magic
  1190 | D:2      | Reached skill level 1 in Air Magic
  1190 | D:2      | Reached skill level 1 in Earth Magic
  1190 | D:2      | Reached skill level 1 in Poison Magic
  2188 | D:3      | Reached XP level 5. HP: 47/47 MP: 6/6
  2228 | D:3      | Noticed Natasha
  2237 | D:3      | Killed Natasha
  2245 | D:3      | Found a glowing drain.
  2269 | Sewer    | Entered a sewer
  2444 | Sewer    | Noticed a kobold brigand
  2455 | Sewer    | Killed a kobold brigand
  2456 | Sewer    | Reached XP level 6. HP: 53/53 MP: 8/8
  2653 | Sewer    | Reached skill level 5 in Axes
  3151 | D:3      | Noticed Natasha
  3168 | D:3      | Killed Natasha
  3302 | D:3      | Noticed Natasha
  3555 | D:3      | Reached XP level 7. HP: 42/59 MP: 10/10
  3886 | D:3      | Found a sacrificial altar of Ru.
  3888 | D:3      | Found an ornate altar of the Wu Jian Council.
  3894 | D:3      | Found a glowing golden altar of the Shining One.
  4321 | D:4      | Noticed Ijyb
  4326 | D:4      | Noticed Robin
  4808 | D:4      | Killed Robin
  5000 | D:4      | Noticed Menkaure
  5005 | D:4      | Killed Ijyb
  5006 | D:4      | Killed Menkaure
  5127 | D:5      | Entered Level 5 of the Dungeon
  5643 | D:5      | Reached XP level 8. HP: 60/67 MP: 12/12
  6050 | D:6      | Found a staircase to the Ecumenical Temple.
  6070 | Temple   | Entered the Ecumenical Temple
  6239 | Temple   | Became a worshipper of Xom of Chaos
  6253 | D:6      | XOM: silly message
  6393 | D:6      | XOM: god gift: rapier {god gift}
  6419 | D:6      | XOM: cleaving
  6627 | D:6      | Found a radiant altar of Vehumet.
  6761 | D:6      | Identified the +6 war axe "Impslayer" {holy, *Rage rElec
                  | rPois Stlth+}
  6929 | D:7      | XOM: scenery: 1 doors open
  7219 | D:6      | XOM: god gift: fluorescent wand {god gift}
  7355 | D:7      | Found Ygrolol's Jewellery Emporium.
  7480 | D:7      | Found the +7 Kryia's mail coat {PotionHeal*2 rC+}
  7484 | D:7      | Reached XP level 9. HP: 73/73 MP: 14/14
  7591 | D:7      | Noticed Maggie
  7608 | D:7      | Killed Maggie
  7856 | D:7      | XOM: give mutations
  7856 | D:7      | Gained mutation: You are strong-willed. (Will+) [Xom's
                  | mischief]
  7856 | D:7      | Lost mutation: You are strong-willed. (Will+) [Xom's
                  | mischief]
  7856 | D:7      | Gained mutation: Armour fits poorly on your strangely
                  | shaped body. [Xom's mischief]
  7950 | D:7      | XOM: summons 1 hostile demon
  8173 | D:8      | Found a stormy altar of Qazlal.
  8233 | D:8      | Found a staircase to the Lair.
  8263 | D:8      | XOM is BORED!
  8389 | D:8      | Found a flagged portal.
  8403 | D:8      | Reached skill level 5 in Invocations
  8411 | Bailey   | Entered a bailey
  8672 | Bailey   | XOM: enchant monster (good)
  8711 | Bailey   | XOM: cast spell 'Discord'
  8828 | Bailey   | XOM: cast spell 'Summon Mana Viper'
  8833 | Bailey   | Reached XP level 10. HP: 77/80 MP: 17/17
  8869 | Bailey   | XOM: scenery: 2 fountains blood, 3 doors close
  8920 | Bailey   | XOM: fog
  8923 | Bailey   | Reached skill level 5 in Short Blades
  8923 | Bailey   | Reached skill level 5 in Long Blades
  8923 | Bailey   | Reached skill level 5 in Maces & Flails
  8923 | Bailey   | Reached skill level 5 in Polearms
  8923 | Bailey   | Reached skill level 5 in Staves
  8923 | Bailey   | Reached skill level 5 in Slings
  8923 | Bailey   | Reached skill level 5 in Bows
  8923 | Bailey   | Reached skill level 5 in Crossbows
  8923 | Bailey   | Reached skill level 5 in Throwing
  8923 | Bailey   | Reached skill level 5 in Dodging
  8923 | Bailey   | Reached skill level 5 in Stealth
  8923 | Bailey   | Reached skill level 5 in Unarmed Combat
  8923 | Bailey   | Reached skill level 5 in Spellcasting
  8923 | Bailey   | Reached skill level 5 in Evocations
  9000 | Bailey   | XOM: cloud trail
  9115 | D:8      | Acquired 637 gold pieces
  9746 | D:9      | Found a white marble altar of Elyvilon.
  9748 | D:9      | Found a basalt altar of Yredelemnul.
  9749 | D:9      | Found a burning altar of Makhleb.
  9749 | D:9      | Found an iron altar of Okawaru.
  9752 | D:9      | XOM: polymorph yak -> hornet
  9813 | D:9      | Found a hazy altar of Hepliaklqana.
  9925 | D:9      | XOM: destruction
 10059 | D:9      | XOM: give mutations
 10059 | D:9      | Gained mutation: You have large cloven feet. [Xom's grace]
 10059 | D:9      | Gained mutation: You have supernaturally acute eyesight.
                  | (SInv) [Xom's grace]
 10107 | D:9      | Found Ofajopse's Assorted Antiques.
 10259 | D:9      | Found Wusext's Book Emporium.
 10377 | D:9      | Noticed Gastronok
 10384 | D:9      | Killed from afar by Gastronok

Illustrated notes

Levels and vault maps discovered:
D:1:      minmay_arrival_cross, layout_basic, st_stairs_2
D:2:      kennysheep_big_flooded_room, layout_basic,
          hellmonk_ecumenical_altar_lost_god
D:3:      layout_basic, minitemple, portal_sewer_entry_d, minmay_bisected,
          uniq_natasha
D:4:      layout_loops_ring, uniq_menkaure, uniq_ijyb, uniq_robin
D:5:      nicolae_cairo_tiling, layout_basic
D:6:      layout_rooms, nicolae_vehumet_radiance,
          minmay_temple_entry_purple_smoke, minmay_misc_feat_ornament
D:7:      layout_basic, serial_shops, nicolae_shop_stone, uniq_maggie
D:8:      layout_cave_pods, nicolae_qazlal_general_emergency, lair_entry_dummy,
          enter_bailey_6, nrook_loot_triangle, lemuel_flamethrower_2
D:9:      layout_loops_ring, grunt_temple_overflow_open, serial_shops,
          nicolae_shop_overgrown_old_shop, nicolae_shop_stone,
          bh_circular_ruins, uniq_gastronok
Temple:   chequers_temple_sunken

Skill      XL: |  1  2  3  4  5  6  7  8  9 10 |
---------------+-------------------------------+-----
Invocations    | 1 2 3 4 5 6 |  6.2
Short Blades   | 1 2 3 4 5 |  5.6
Long Blades    | 1 2 3 4 5 |  5.6
Maces & Flails | 1 2 3 4 5 |  5.6
Polearms       | 1 2 3 4 5 |  5.6
Staves         | 1 2 3 4 5 |  5.6
Slings         | 1 2 3 4 5 |  5.6
Bows           | 1 2 3 4 5 |  5.6
Crossbows      | 1 2 3 4 5 |  5.6
Throwing       | 1 2 3 4 5 |  5.6
Dodging        | 1 2 3 4 5 |  5.6
Stealth        | 1 2 3 4 5 |  5.6
Unarmed Combat | 1 2 3 4 5 |  5.6
Spellcasting   | 1 2 3 4 5 |  5.6
Evocations     | 1 2 3 4 5 |  5.6
Conjurations   | 1 2 3 4 |  4.6
Hexes          | 1 2 3 4 |  4.6
Summonings     | 1 2 3 4 |  4.6
Necromancy     | 1 2 3 4 |  4.6
Translocations | 1 2 3 4 |  4.6
Transmutations | 1 2 3 4 |  4.6
Fire Magic     | 1 2 3 4 |  4.6
Ice Magic      | 1 2 3 4 |  4.6
Air Magic      | 1 2 3 4 |  4.6
Earth Magic    | 1 2 3 4 |  4.6
Poison Magic   | 1 2 3 4 |  4.6
Axes           | 5 6 7 |  7.3
Fighting       | 7 8 |  8.7
Armour         | 7 8 |  8.7
Shields        | 7 8 |  8.7

Action                   |  1- 3 |  4- 6 |  7- 9 | 10-12 || total
-------------------------+-------+-------+-------+-------++-------
Melee: War axe           |    92 |   204 |   318 |    96 ||   710
       Bite              |     8 |    19 |    41 |    12 ||    80
Evoke: Wand              |       |       |    21 |       ||    21
  Use: Scroll            |       |     5 |     8 |     1 ||    14
       Potion            |       |       |       |     4 ||     4
 Stab: Distracted        |       |       |     2 |       ||     2
       Sleeping          |       |       |     4 |     1 ||     5
Armor: Scale mail        |    49 |   102 |    88 |    55 ||   294
       Leather armour    |       |       |    54 |       ||    54
Dodge: Dodged            |    44 |    76 |   238 |   102 ||   460
Block: Buckler           |    30 |    50 |   119 |    40 ||   239
